 Dungeon Crawl Stone Soup version 0.25-a0-246-g58704a1ebd (webtiles) character file.

Game seed: 15985756762123266735, levelgen mode: classic

2 Borgoz the Twirler (level 1, -1/12 HPs)
             Began as a Gargoyle Gladiator on Dec 4, 2019.
             Was an Initiate of Okawaru.
             Shot with an arrow by a centaur (13 damage)
             ... on level 2 of the Dungeon.
             The game lasted 00:00:21 (136 turns).

Borgoz the Twirler (Gargoyle Gladiator)              Turns: 136, Time: 00:00:21

Health: -1/12      AC:  6    Str: 17    XL:     1   Next: 30%
Magic:  1/1        EV: 12    Int:  8    God:    Okawaru [......]
Gold:   11         SH:  0    Dex: 11    Spells: 0/0 levels left

rFire    . . .     SeeInvis .   a - +0 quarterstaff
rCold    . . .     Gourm    .   (shield currently unavailable)
rNeg     + . .     Faith    .   b - +0 leather armour
rPois    ∞         Spirit   .   c - +0 helmet
rElec    +         Reflect  .   (no cloak)
rCorr    .         Harm     .   (no gloves)
MR       .....                  (no boots)
Stlth    +.........             (no amulet)
HPRegen  0.04/turn              (no ring)
MPRegen  0.07/turn              (no ring)

@: no status effects
A: negative energy resistance 1, electricity resistance, unbreathing,
petrification resistance, rot immunity, AC +2
a: Renounce Religion


You were on level 2 of the Dungeon.
You worshipped Okawaru.
Okawaru was noncommittal.
You were not hungry.

You visited 1 branch of the dungeon, and saw 2 of its levels.

You collected 11 gold pieces.

Inventory:

Hand Weapons
 a - a +0 quarterstaff (weapon)
Missiles
 d - 3 throwing nets (quivered)
Armour
 b - a +0 leather armour (worn)
 c - a +0 helmet (worn)
Scrolls
 e - a scroll of identify {unknown}
 g - a scroll of enchant weapon {unknown}
Comestibles
 f - 2 rations
 h - 5 chunks of flesh


   Skills:
 + Level 2.2 Fighting
 * Level 3.0 Staves
 - Level 1.7 Throwing
 + Level 0.1 Armour
 + Level 2.4 Dodging


You couldn't memorise any spells.
You didn't know any spells.
Your spell library was empty.

Dungeon Overview and Level Annotations

Branches:
Dungeon (1/15)

Altars:
Okawaru


Innate Abilities, Weirdness & Mutations

You are resistant to torment.
Your stone body is resilient. (AC +2)
You are immune to poison.
You resist negative energy. (rN+)
You are resistant to electric shocks. (rElec)
You can survive without breathing.
You are immune to petrification.
You are immune to rotting.


Message History

A kobold comes into view.
The kobold shouts!
The kobold throws a stone.
The stone hits you but does no damage.
You see here a stone.
A kobold is nearby!
The kobold throws a stone.
The stone closely misses you.
You fall into a shaft and drop 1 floor!
The shaft crumbles and collapses.
Found an iron altar of Okawaru.
There is an iron altar of Okawaru here.
You kneel at the altar of Okawaru.
Okawaru welcomes you!
A centaur comes into view.
A centaur is nearby!
The centaur shouts!
The centaur wields a +0 shortbow.
The centaur shoots an arrow.
The arrow closely misses you.
The centaur shoots an arrow.
The arrow hits you!
Ouch! That really hurt!
You die...

#......#
#......#
#......######
...........
####.........
#............
##.#.#........
#..._.........
#.@#.#.+######
#.......#
c........#
###########


You could see a centaur.

Vanquished Creatures
  A ball python (D:1)
  A kobold (D:1)
  A rat (D:1)
3 creatures vanquished.

Notes
Turn   | Place    | Note
-------+----------+-------------------------------------------
     0 | D:1      | Borgoz the Gargoyle Gladiator began the quest for the Orb.
     0 | D:1      | Reached XP level 1. HP: 12/12 MP: 1/1
   129 | D:1      | You fall into a shaft and drop 1 floor!
   130 | D:2      | Found an iron altar of Okawaru.
   134 | D:2      | Became a worshipper of Warmaster Okawaru
   134 | D:2      | Noticed a centaur
   136 | D:2      | Shot with an arrow by a centaur

Levels and vault maps discovered:
D:1:      shiori_arrival_elements, layout_basic
D:2:      layout_basic, marbit_many_paths, lemuel_crystal_altar,
          grunt_temple_overflow_open, okawaru_metal_pillars_1_2

Action                   || total
-------------------------++-------
Melee: Quarterstaff      ||     8
Armor: Leather armour    ||     7
Dodge: Dodged            ||    10

Table legend:
 A = Non-vault XP
 B = Vault XP
 C = Vault XP percentage of total XP
 D = Non-vault monster count
 E = Vault monster count
 F = Vault count percentage of total count
                 A         B        C        D         E       F
            +---------+---------+-------+---------+---------+-------
      Total |       3 |       0 |   0.0 |       3 |       0 |   0.0
            +---------+---------+-------+---------+---------+-------
        D:1 |       3 |       0 |   0.0 |       3 |       0 |   0.0
            +---------+---------+-------+---------+---------+-------
